 Dungeon Crawl Stone Soup version 0.21-a0-405-gf2af9a1 (webtiles) character file.

64092 zodiak12 the Cleaver (level 14, -13/122 HPs)
             Began as a Demonspawn Fighter on Nov 1, 2017.
             Mangled by an acid blob (22 damage)
             ... on level 1 of the Pits of Slime.
             The game lasted 01:29:35 (20286 turns).

zodiak12 the Cleaver (Demonspawn Fighter)          Turns: 20286, Time: 01:29:35

Health: -13/122    AC:  9    Str: 15 (16) XL:     14   Next: 70%
Magic:  14/14      EV:  6    Int: 17      God:
Gold:   1069       SH: 17    Dex: 14      Spells: 13/13 levels left

rFire    + . .     SeeInvis .   r - +9 war axe "Zyffeper" {freeze, *Corrode rElec Int+7}
rCold    . . .     Gourm    .   d - +0 large shield {AC+3}
rNeg     . . .     Faith    .   J - +0 plate armour
rPois    .         Spirit   .   p - +0 helmet
rElec    +         Reflect  .   P - +2 cloak
rCorr    +         Harm     .   m - +2 pair of gloves
MR       +....                  (boots unavailable)
Stlth    ..........             H - amulet of rage
HPRegen  0.30/turn              A - ring of resist corrosion
MPRegen  0.14/turn              y - +1 ring of protection

@: corroded
A: hooves 3, yellow scales 2, demonic guardian 1, deterioration 1, fire
resistance 1, robust 1, weak 2
a: Evoke Berserk Rage


You were on level 1 of the Pits of Slime.
You were full.

You visited 4 branches of the dungeon, and saw 18 of its levels.

You collected 1069 gold pieces.

Inventory:

Hand Weapons
 r - the +9 war axe "Zyffeper" (weapon) {freeze, *Corrode rElec Int+7}
   (You found it on level 4 of the Dungeon)

   It has been specially enchanted to freeze those struck by it, causing extra
   injury to most foes and up to half again as much damage against particularly
   susceptible opponents.
   It can also slow down cold-blooded creatures.
   It affects your intelligence (+7).
   It insulates you from electricity.
   It may corrode you when you take damage.
 S - a +5 trident of pain
Missiles
 w - 14 tomahawks
 N - 4 steel tomahawks (quivered)
 W - 6 javelins
Armour
 d - a +0 large shield of protection (worn)
 m - a +2 pair of gloves (worn)
 p - a +0 helmet (worn)
 J - a +0 plate armour (worn)
 P - a +2 cloak (worn)
Jewellery
 o - an uncursed ring of flight
 y - a +1 ring of protection (right hand)
 A - a ring of resist corrosion (left hand)
 C - an uncursed ring of see invisible
 H - an amulet of rage (around neck)
 V - an uncursed ring of poison resistance
Wands
 a - a wand of disintegration (5/24)
 q - a wand of iceblast (1/15)
 t - a wand of random effects (36/48)
 G - a wand of confusion (6/48)
 T - a wand of confusion (26/48)
Scrolls
 e - 2 scrolls of fog
 j - 8 scrolls of teleportation
 z - 2 scrolls of amnesia
 F - 3 scrolls of identify
 M - 6 scrolls of remove curse
 Q - 4 scrolls of enchant weapon
 R - 2 scrolls of magic mapping
Potions
 b - 3 potions of lignification
 g - 2 potions of ambrosia {unknown}
 h - a potion of degeneration {unknown}
 n - 2 potions of magic
 K - a potion of invisibility {unknown}
 L - 2 potions of agility
 U - a potion of berserk rage {unknown}
 X - a potion of flight {unknown}
Books
 c - a book of Spatial Translocations

   Spells                             Type                      Level
   a - Blink                          Translocation                2
   b - Shroud of Golubria             Charms/Translocation         2
   c - Lesser Beckoning               Translocation                3
   d - Gell's Gravitas                Translocation                3
   e - Teleport Other                 Translocation                3
   f - Passage of Golubria            Translocation                4
 k - a book of Debilitation

   Spells                             Type                      Level
   a - Corona                         Hexes                        1
   b - Slow                           Hexes                        2
   c - Inner Flame                    Hexes/Fire                   3
   d - Portal Projectile              Hexes/Translocation          3
   e - Cause Fear                     Hexes                        4
   f - Leda's Liquefaction            Hexes/Earth                  4
 x - a book of Minor Magic

   Spells                             Type                      Level
   a - Magic Dart                     Conjuration                  1
   b - Blink                          Translocation                2
   c - Call Imp                       Summoning                    2
   d - Slow                           Hexes                        2
   e - Conjure Flame                  Conjuration/Fire             3
   f - Mephitic Cloud                 Conjuration/Poison/Air       3
 B - a book of Changes

   Spells                             Type                      Level
   a - Beastly Appendage              Transmutation                1
   b - Sticks to Snakes               Transmutation                2
   c - Spider Form                    Transmutation/Poison         3
   d - Ice Form                       Ice/Transmutation            4
   e - Blade Hands                    Transmutation                5
 D - a book of Callings

   Spells                             Type                      Level
   a - Summon Small Mammal            Summoning                    1
   b - Call Imp                       Summoning                    2
   c - Call Canine Familiar           Summoning                    3
   d - Summon Guardian Golem          Hexes/Summoning              3
   e - Summon Lightning Spire         Summoning/Air                4
   f - Summon Ice Beast               Ice/Summoning                4
 Y - a book of Alchemy

   Spells                             Type                      Level
   a - Sublimation of Blood           Necromancy                   2
   b - Ignite Poison                  Fire/Transmutation/Poison    3
   c - Petrify                        Transmutation/Earth          4
   d - Alistair's Intoxication        Transmutation/Poison         5
   e - Irradiate                      Conjuration/Transmutation    5
 Z - a book of Frost

   Spells                             Type                      Level
   a - Freeze                         Ice                          1
   b - Throw Frost                    Conjuration/Ice              2
   c - Ozocubu's Armour               Charms/Ice                   3
   d - Throw Icicle                   Conjuration/Ice              4
   e - Summon Ice Beast               Ice/Summoning                4
Miscellaneous
 v - a phial of floods
Comestibles
 f - 7 bread rations
 i - 5 meat rations
 E - 4 royal jellies


   Skills:
 * Level 10.4 Fighting
   Level 3.9 Long Blades
 * Level 13.1 Axes
 + Level 1.8 Throwing
 * Level 9.8 Armour
 * Level 9.3 Dodging
 * Level 12.2 Shields
 + Level 0.2 Evocations


You had 13 spell levels left.
You didn't know any spells.

Dungeon Overview and Level Annotations

Branches:
Dungeon (10/15)            Temple (1/1) D:4            Lair (6/6) D:10
 Shoals (0/4) Lair:3       Spider (0/4) Lair:4        Slime (1/5) Lair:6
    Orc: D:9-12

Altars:
Ashenzari
Cheibriados
Dithmenos
Elyvilon
Fedhas
Gozag
Hepliaklqana
Kikubaaqudgha
Makhleb
Nemelex Xobeh
Okawaru
Qazlal
Ru
Sif Muna
Trog
Uskayaw
Vehumet
Wu Jian
Xom
Yredelemnul
Zin
The Shining One

Shops:
D:6 }


Innate Abilities, Weirdness & Mutations

You have hooves in place of feet.
You are mostly covered in yellow scales. (AC +3)
A weak demonic guardian rushes to your aid.
Your flesh is heat resistant. (rF+)
You are robust. (+10% HP)
Your body sometimes deteriorates upon taking damage.
You are very weak. (Str -4)


Message History

* * * LOW HITPOINT WARNING * * *
The shining eye gazes at you.
Strange energies course through your body.
You feel weaker. The acid blob spits acid at you. The splash of acid hits you!
You resist.
* * * LOW HITPOINT WARNING * * *
You are splashed with acid!
The acid burns!
You resist.
* * * LOW HITPOINT WARNING * * *
The slime creature hits you but does no damage.
You feel better. The acid blob spits acid at you.
The splash of acid misses you. The shining eye gazes at you.
Strange energies course through your body.
You feel weaker. The slime creature barely misses you.
It was a potion of magic.
Magic courses through your body. The acid blob hits you!!
You die...

##.#......##.....
##.....<.....##### #
##..............#
##.#................#
#.........#...#.....#
####.##........####....#
....##..........# ##.##
...............## ##
......J@......#.#
......J...........
................##
.........#....##.
......G.........
................
............##.#
............. ## # ##


You could see an acid blob, a slime creature and a shining eye.

Vanquished Creatures
  Rupert (Lair:3)
  2 acid blobs (Slime:1)
  2 azure jellies (Slime:1)
  2 entropy weavers (Lair:5)
  A merfolk avatar (Lair:6)
  4 hydras
  A catoblepas (Lair:5)
  4 ghost crabs (Lair:5)
  3 two-headed ogres (D:10)
  6 death yaks
  Urug (Lair:5)
  2 sea snakes (Lair:6)
  5 fire crabs (Lair:5)
  2 oklob plants (Lair:6)
  4 shining eyes (Slime:1)
  2 manticores
  2 elephants (Lair:6)
  An apocalypse crab (Lair:5)
  Psyche (D:8)
  5 black mambas
  12 spiny frogs
  9 rime drakes
  8 komodo dragons
  A troll (D:10)
  3 hornets (Lair:6)
  3 polar bears
  12 blink frogs
  9 slime creatures (Slime:1)
  11 hippogriffs
  17 yaks
  3 wyverns
  A redback (Lair:4)
  2 hungry ghosts
  A steam dragon (Lair:4)
  3 basilisks
  2 wargs (D:10)
  9 water moccasins
  An acid dragon (Lair:4)
  5 porcupines
  An orc warrior (D:4)
  3 sky beasts
  2 ice beasts
  A phantom (D:10)
  2 eyes of draining
  2 ogres
  26 wolves
  2 centaurs (D:7)
  9 crocodiles
  A big kobold (D:9)
  9 bullfrogs
  A scorpion (D:10)
  A vampire bat (Lair:1)
  9 killer bees (D:8)
  3 wights (D:10)
  2 crimson imps
  A centaur zombie (D:8)
  2 bullfrog skeletons
  9 orc priests
  6 hounds
  A jelly (D:5)
  8 orc wizards
  Crazy Yiuf (D:2)
  Jessica (D:2)
  Terence (D:2)
  4 iguanas
  6 worker ants
  A hound zombie (D:6)
  2 hound skeletons
  4 gnolls (D:3)
  4 adders
  3 shadow imps
  4 white imps (D:10)
  2 ufetubi (D:10)
  An ooze (D:1)
  2 adder skeletons
  A worm (D:2)
  4 dart slugs
  4 leopard geckos
  30 orcs
  7 giant cockroaches
  6 goblins
  3 hobgoblins (D:2)
  5 jackals
  A quokka (D:7)
  A ball python (D:3)
  15 bats
  6 frilled lizards
  A giant cockroach zombie (D:6)
  A jackal skeleton (D:3)
  11 kobolds
  A quokka skeleton (D:7)
  5 rats
  A fungus (Lair:4)
  3 plants
406 creatures vanquished.

Vanquished Creatures (collateral kills)
  5 hydras
  The ghost of Mamutox the Covert, a novice SpAs of Dithmenos (D:10)
  Joseph (D:9)
  A spiny frog (Lair:6)
  A blink frog (Lair:2)
  A hippogriff (Lair:6)
  2 slime creatures (Slime:1)
  Prince Ribbit (D:6)
  A centaur simulacrum (D:10)
  2 yaks
  A warg (D:10)
  A water moccasin (D:5)
  A swamp drake (Lair:4)
  2 centaurs
  A wolf (Lair:3)
  An ogre (D:8)
  2 necrophages (D:5)
  A crocodile (Lair:6)
  A killer bee (D:8)
  A bullfrog zombie (D:6)
  A hound (D:8)
  A jelly (D:3)
  An adder (D:7)
  A white imp (D:10)
  A worker ant simulacrum (D:10)
  6 orcs
  A kobold (D:3)
  2 fungi
42 creatures vanquished.

Vanquished Creatures (others)
  An entropy weaver (Lair:5)
  5 fungi
  9 plants (Lair:6)
15 creatures vanquished.

Grand Total: 463 creatures vanquished

Notes
Turn   | Place    | Note
-------+----------+-------------------------------------------
     0 | D:1      | zodiak12 the Demonspawn Fighter began the quest for the Orb.
     0 | D:1      | Reached XP level 1. HP: 18/18 MP: 1/1
   138 | D:1      | Gained mutation: You have large cloven feet. [demonic ancestry]
   138 | D:1      | Reached XP level 2. HP: 24/24 MP: 2/2
   529 | D:1      | You fall through a shaft!
   983 | D:2      | Noticed Jessica
   992 | D:2      | Gained mutation: You are partially covered in yellow scales. (AC +2) [demonic ancestry]
   992 | D:2      | Reached XP level 3. HP: 29/29 MP: 3/3
  1008 | D:2      | Killed Jessica
  1041 | D:2      | Reached XP level 4. HP: 20/35 MP: 4/4
  1334 | D:2      | Noticed Terence
  1359 | D:2      | Killed Terence
  1647 | D:2      | Reached skill level 1 in Dodging
  1685 | D:2      | Found a runed door.
  1690 | D:2      | Noticed Crazy Yiuf
  1696 | D:2      | Killed Crazy Yiuf
  1696 | D:2      | Gained mutation: A weak demonic guardian rushes to your aid. [demonic ancestry]
  1696 | D:2      | Reached XP level 5. HP: 40/42 MP: 5/5
  1878 | D:3      | Found a white marble altar of Elyvilon.
  2298 | D:3      | Found a snail-covered altar of Cheibriados.
  2362 | D:3      | Gained mutation: You have hoof-like feet. [demonic ancestry]
  2362 | D:3      | Reached XP level 6. HP: 19/48 MP: 6/6
  2760 | D:4      | Found a staircase to the Ecumenical Temple.
  2770 | Temple   | Entered the Ecumenical Temple
  3096 | D:4      | Found a stormy altar of Qazlal.
  3214 | D:4      | Got a warped war axe
  3297 | D:4      | Noticed an orc warrior
  3355 | D:4      | Killed an orc warrior
  3561 | D:4      | Gained mutation: Your flesh is heat resistant. (rF+) [demonic ancestry]
  3561 | D:4      | Reached XP level 7. HP: 52/55 MP: 7/7
  4045 | D:5      | Entered Level 5 of the Dungeon
  4330 | D:5      | Identified the +9 war axe "Zyffeper" {freeze, *Corrode rElec Int+7} (You found it on level 4 of the Dungeon)
  4379 | D:5      | Found a shattered altar of Ashenzari.
  4396 | D:5      | Reached skill level 5 in Fighting
  4396 | D:5      | Reached skill level 5 in Shields
  4860 | D:5      | Gained mutation: You have hooves in place of feet. [demonic ancestry]
  4860 | D:5      | Reached XP level 8. HP: 62/62 MP: 8/8
  5468 | D:6      | Noticed a dagger
  5469 | D:6      | Noticed a dagger
  5627 | D:6      | Found a hide-covered altar of Uskayaw.
  5685 | D:6      | Found Reig's Gadget Emporium.
  5715 | D:6      | Noticed Prince Ribbit
  5753 | D:6      | Killed Prince Ribbit
  5753 | D:6      | Reached skill level 1 in Axes
  6312 | D:7      | Reached skill level 5 in Armour
  6853 | D:7      | Reached skill level 2 in Axes
  6859 | D:7      | Found a shadowy altar of Dithmenos.
  6872 | D:7      | Found a shattered altar of Ashenzari.
  6875 | D:7      | Found a radiant altar of Vehumet.
  6878 | D:7      | Found a blossoming altar of Fedhas.
  6886 | D:7      | Found a white marble altar of Elyvilon.
  7017 | D:7      | Found a burning altar of Makhleb.
  7017 | D:7      | Found a bloodstained altar of Trog.
  7182 | D:8      | Found a sacrificial altar of Ru.
  7331 | D:8      | Reached XP level 9. HP: 61/68 MP: 9/9
  7422 | D:8      | Noticed Psyche
  7442 | D:8      | Killed Psyche
  7442 | D:8      | Reached skill level 1 in Throwing
  7442 | D:8      | Reached skill level 5 in Dodging
  8111 | D:9      | Found a sacrificial altar of Ru.
  8208 | D:9      | Noticed Joseph
  8217 | D:9      | Killed Joseph
  8478 | D:9      | Reached skill level 3 in Axes
  8547 | D:9      | Gained mutation: You are mostly covered in yellow scales. (AC +3) [demonic ancestry]
  8547 | D:9      | Reached XP level 10. HP: 71/77 MP: 10/10
  8613 | D:9      | Found an iron altar of Okawaru.
  8995 | D:10     | Entered Level 10 of the Dungeon
  9070 | D:10     | Noticed Mamutox's ghost (novice SpAs)
  9081 | D:10     | Reached skill level 4 in Axes
  9092 | D:10     | Killed Mamutox's ghost
  9454 | D:10     | Reached skill level 5 in Axes
  9578 | D:10     | Noticed a two-headed ogre
  9585 | D:10     | Killed a two-headed ogre
  9585 | D:10     | Reached skill level 6 in Axes
  9619 | D:10     | Found a staircase to the Lair.
  9834 | D:10     | Noticed a two-headed ogre
  9852 | D:10     | Killed a two-headed ogre
  9852 | D:10     | Reached XP level 11. HP: 84/84 MP: 11/11
  9965 | D:10     | Noticed a two-headed ogre
  9974 | D:10     | Killed a two-headed ogre
  9974 | D:10     | Reached skill level 7 in Axes
 10067 | Lair:1   | Entered Level 1 of the Lair of Beasts
 10252 | Lair:1   | Noticed a five-headed hydra
 10259 | Lair:1   | Killed a nine-headed hydra
 10407 | Lair:1   | Noticed a seven-headed hydra
 10416 | Lair:1   | Killed a ten-headed hydra
 10904 | Lair:2   | Reached skill level 8 in Axes
 10978 | Lair:2   | Noticed a seven-headed hydra
 10986 | Lair:2   | Killed an 11-headed hydra
 11841 | Lair:2   | Identified a scroll of acquirement
 11970 | Lair:2   | Reached skill level 9 in Axes
 11970 | Lair:2   | Gained mutation: You are robust. (+10% HP) [demonic ancestry]
 11970 | Lair:2   | Reached XP level 12. HP: 86/101 MP: 12/12
 12236 | Lair:3   | Found a staircase to the Shoals.
 12289 | Lair:3   | Noticed a four-headed hydra
 12297 | Lair:3   | Killed a seven-headed hydra
 12342 | Lair:3   | Found a sacrificial altar of Ru.
 12364 | Lair:3   | Noticed a death yak
 12367 | Lair:3   | Noticed a death yak
 12368 | Lair:3   | Noticed a death yak
 12375 | Lair:3   | Killed a death yak
 12375 | Lair:3   | Reached skill level 10 in Shields
 12383 | Lair:3   | Killed a death yak
 12389 | Lair:3   | Killed a death yak
 12571 | Lair:3   | Noticed Rupert
 12594 | Lair:3   | Killed Rupert
 12594 | Lair:3   | Reached skill level 10 in Axes
 13029 | Lair:4   | Noticed an eight-headed hydra
 13036 | Lair:4   | Got an ichor-stained falchion
 13043 | Lair:4   | Killed a 13-headed hydra
 13047 | Lair:4   | Identified the +3 falchion "Uwasan" {freeze, *Slow rC+ Dex+5} (You found it on level 4 of the Lair of Beasts)
 13260 | Lair:4   | Noticed a four-headed hydra
 13270 | Lair:4   | Killed a ten-headed hydra
 13327 | Lair:4   | Reached XP level 13. HP: 48/111 MP: 13/13
 13686 | Lair:4   | Reached skill level 11 in Axes
 13792 | Lair:4   | Found a hole to the Spider Nest.
 14607 | Lair:5   | Found a runed door.
 14845 | Lair:5   | Noticed an entropy weaver
 14881 | Lair:5   | Killed an entropy weaver
 15498 | Lair:5   | Noticed an entropy weaver
 15510 | Lair:5   | Killed an entropy weaver
 15521 | Lair:5   | HP: 3/111 [something (14)]
 16071 | Lair:5   | Noticed an entropy weaver
 16086 | Lair:5   | Killed an entropy weaver
 16101 | Lair:5   | Got a crystal battleaxe
 16109 | Lair:5   | Identified the cursed +1 battleaxe of Integrity {vamp, +Fly rC+ Int+3} (You found it on level 5 of the Lair of Beasts)
 16187 | Lair:5   | Noticed Urug
 16200 | Lair:5   | Killed Urug
 16873 | Lair:6   | Entered Level 6 of the Lair of Beasts
 16917 | Lair:6   | Reached skill level 12 in Axes
 17091 | Lair:6   | Reached XP level 14. HP: 30/119 MP: 14/14
 17604 | Lair:6   | Got a brightly glowing trident
 17605 | Lair:6   | Identified the +5 trident "Kanipp" {venom, +Inv Str+3 Int+4 SInv} (You found it on level 6 of the Lair of Beasts)
 18026 | Lair:6   | Reached skill level 10 in Fighting
 18385 | Lair:6   | Found a staircase to the Slime Pits.
 18834 | Slime:1  | Entered Level 1 of the Pits of Slime
 18834 | Slime:1  | Noticed an azure jelly
 18847 | Slime:1  | Killed an azure jelly
 19138 | Slime:1  | Noticed an acid blob
 19146 | Slime:1  | Killed an acid blob
 19280 | Slime:1  | Noticed an acid blob
 19287 | Slime:1  | Killed an acid blob
 19486 | Slime:1  | Gained mutation: Your body sometimes deteriorates upon taking damage. [a shining eye]
 19488 | Slime:1  | Reached skill level 13 in Axes
 19854 | Slime:1  | Noticed an azure jelly
 19869 | Slime:1  | Killed an azure jelly
 20271 | Slime:1  | Noticed an acid blob
 20284 | Slime:1  | Gained mutation: You are weak. (Str -2) [a shining eye]
 20284 | Slime:1  | HP: 1/122 [acid (6)]
 20285 | Slime:1  | Gained mutation: You are very weak. (Str -4) [a shining eye]
 20286 | Slime:1  | Mangled by an acid blob

Vault maps used:
D:1:      minmay_arrival_diagonal_passages
D:2:      uniq_jessica, uniq_terence, uniq_crazy_yiuf_cottage
D:3:      lemuel_round_altar, lemuel_round_altar
D:4:      kennysheep_mini, minmay_temple_entry_overgrown
D:5:      first_bread, cheibrodos_ashenzari_chains
D:6:      dancing_weapons_uskayaw, serial_shops, shop, serial_bayou_pond_d,
          uniq_prince_ribbit1
D:7:      gammafunk_temple_overflow_elements, grunt_temple_overflow_cloverleaf,
          st_stairs_1, elyvilon_altar_1
D:8:      kennysheep_little_box, uniq_psyche
D:9:      okawaru_trees_1, hangedman_ru_absence, uniq_joseph
D:10:     erik_lair_orcish_takeover, serial_ice, serial_ice_o, serial_ice_f,
          serial_ice_d, serial_ice_k, serial_ice_e, serial_ice_g
Temple:   dpeg_chambers_temple
Lair:1:   roderic_batcave
Lair:2:   st_stairs_9, lemuel_fruit_tree
Lair:3:   minmay_shoals_entry_beasts, basic_altar, uniq_rupert
Lair:4:   spider_nest_entry_rubble, guppyfry_lair_drakes
Lair:5:   gammafunk_mikee_crab_dinner, uniq_urug
Lair:6:   gammafunk_lair_ancient_temple, minmay_slime_entry_oklob_open
Slime:1:  cheibrodos_slime_lost_civilization_10

Skill      XL: |  1  2  3  4  5  6  7  8  9 10 11 12 13 14 |
---------------+-------------------------------------------+-----
Shields        | 3 4 5 6 7 8 9 10 11 12 | 12.2
Armour         | 3 4 5 6 7 8 9 |  9.8
Long Blades    | 2 3 |  3.9
Dodging        | 1 2 3 4 6 7 8 9 |  9.3
Fighting       | 4 5 6 7 8 9 10 | 10.4
Axes           | 2 3 6 9 10 12 13 | 13.1
Throwing       | 1 |  1.8
Evocations     | |  0.2

Action                   |  1- 3 |  4- 6 |  7- 9 | 10-12 | 13-15 || total
-------------------------+-------+-------+-------+-------+-------++-------
Melee: Long sword        |    70 |    54 |       |       |       ||   124
       Kick              |    13 |    68 |   104 |   131 |   187 ||   503
       Falchion          |       |   113 |   344 |       |       ||   457
       War axe           |       |       |    38 |   436 |   482 ||   956
Throw: Tomahawk          |       |    13 |     4 |    12 |    12 ||    41
Evoke: Wand              |       |       |     1 |       |       ||     1
       Phial of floods   |       |       |       |       |     1 ||     1
  Use: Scroll            |     1 |     4 |     8 |     6 |     8 ||    27
       Potion            |       |     3 |     3 |     1 |    13 ||    20
 Stab: Distracted        |       |     1 |     3 |     8 |     4 ||    16
  Eat: Chunk             |       |     9 |     8 |    12 |     6 ||    35
       Bread ration      |       |       |     1 |     1 |     1 ||     3
       Meat ration       |       |       |     1 |       |     2 ||     3
       Fruit             |       |       |       |       |    10 ||    10
Armor: Scale mail        |    44 |       |       |       |       ||    44
       Leather armour    |       |    67 |   144 |       |       ||   211
       Plate armour      |       |       |    18 |   284 |   354 ||   656
       Skin              |       |       |       |       |     7 ||     7
Dodge: Dodged            |    37 |    65 |   178 |   150 |   117 ||   547
Block: Shield            |    48 |    93 |   231 |   165 |       ||   537
       Large shield      |       |       |       |   177 |   459 ||   636
       Rpst.: Long sword |    13 |     5 |       |       |       ||    18
       Falchion          |       |    13 |    64 |       |       ||    77

Table legend:
 A = Spawn XP
 B = Non-spawn XP
 C = Spawn XP percentage of total XP
 D = Spawn monster count
 E = Non-spawn monster count
 F = Spawn count percentage of total count
 G = Total turns spent on level
                    A         B        C        D         E        F      G
               +---------+---------+-------+---------+---------+-------+---------
         Total |       0 |   91561 |   0.0 |       0 |     443 |   0.0 | 20286
               +---------+---------+-------+---------+---------+-------+---------
           D:1 |       0 |      28 |   0.0 |       0 |      15 |   0.0 |   764
           D:2 |       0 |     168 |   0.0 |       0 |      26 |   0.0 |  1056
           D:3 |       0 |     233 |   0.0 |       0 |      27 |   0.0 |   922
           D:4 |       0 |     460 |   0.0 |       0 |      20 |   0.0 |  1052
           D:5 |       0 |     570 |   0.0 |       0 |      14 |   0.0 |  1325
           D:6 |       0 |     686 |   0.0 |       0 |      20 |   0.0 |   927
           D:7 |       0 |     515 |   0.0 |       0 |      19 |   0.0 |   834
           D:8 |       0 |    1450 |   0.0 |       0 |      25 |   0.0 |   950
           D:9 |       0 |    1983 |   0.0 |       0 |      20 |   0.0 |   914
          D:10 |       0 |    6401 |   0.0 |       0 |      50 |   0.0 |  1072
        Lair:1 |       0 |    3640 |   0.0 |       0 |      21 |   0.0 |   829
        Lair:2 |       0 |    6320 |   0.0 |       0 |      27 |   0.0 |  1321
        Lair:3 |       0 |   10690 |   0.0 |       0 |      26 |   0.0 |   812
        Lair:4 |       0 |   10249 |   0.0 |       0 |      31 |   0.0 |  1272
        Lair:5 |       0 |   16725 |   0.0 |       0 |      28 |   0.0 |  2572
        Lair:6 |       0 |   17552 |   0.0 |       0 |      54 |   0.0 |  1961
       Slime:1 |       0 |   13891 |   0.0 |       0 |      20 |   0.0 |  1452
               +---------+---------+-------+---------+---------+-------+---------
